 Dungeon Crawl Stone Soup version 0.32-a0-996-gb3226c233f (webtiles) character file.

Game seed: 1176351724682545283

12043 petete the Covert (level 11, -3/84 HPs)
             Began as a Vampire Earth Elementalist on Apr 22, 2024.
             Was a Priest of Vehumet.
             Slain by a sun demon (9 damage)
             ... summoned by a kobold demonologist
             ... on level 11 of the Dungeon on Apr 24, 2024.
             The game lasted 00:57:38 (11118 turns).

petete the Covert (Vampire Earth Elementalist)     Turns: 11118, Time: 00:57:39

Health: -3/84      AC: 10    Str:  7    XL:     11   Next: 57%
Magic:  8/23       EV: 32    Int: 22    God:    Vehumet [***...]
Gold:   636        SH:  0    Dex: 15    Spells: 15/26 levels left

rFire   + . .        a - +0 dagger (venom)
rCold   . . .        (no shield)
rNeg    . . .        R - +0 steam dragon scales
rPois   .            c - +0 helmet
rElec   .            E - +0 cloak
rCorr   .            o - +0 pair of gloves
SInv    +            h - +0 pair of boots
Will    +....        A - amulet of the acrobat
Stlth   ++++         m - ring of protection from fire
HPRegen 0.54/turn    n - +5 ring of evasion
MPRegen 0.18/turn

%: acrobat
@: acrobatic, healing quickly
A: alive, fangs 3, see invisible, vampiric 2
a: Exsanguinate, Renounce Religion


You were on level 11 of the Dungeon.
You worshipped Vehumet.
Vehumet was most pleased with you.
You visited 2 branches of the dungeon, and saw 12 of its levels.

You collected 636 gold pieces.

Inventory:

Hand Weapons
 a - a +0 dagger of venom (weapon)
 J - a +2 short sword of draining
 W - a +3 scimitar of flaming
Missiles
 i - 4 javelins
 p - 6 boomerangs
 s - a curare-tipped dart
 z - 19 poisoned darts
 D - a throwing net
Armour
 c - a +0 helmet (worn)
 h - a +0 pair of boots (worn)
 o - a +0 pair of gloves (worn)
 E - a +0 cloak (worn)
 R - +0 steam dragon scales (worn)
 T - +0 storm dragon scales
Jewellery
 d - a ring of magical power
 m - a ring of protection from fire (left hand)
 n - a +5 ring of evasion (right hand)
 A - an amulet of the acrobat (around neck)
Wands
 t - a wand of light (9)
 w - a wand of flame (13)
 N - a wand of paralysis (11)
 V - a wand of digging (5)
Scrolls
 g - 3 scrolls of vulnerability {unknown}
 j - 2 scrolls of blinking {unknown}
 l - 3 scrolls of immolation {unknown}
 r - a scroll of silence
 u - 2 scrolls of enchant armour {unknown}
 y - a scroll of teleportation {unknown}
 G - a scroll of acquirement {unknown}
 H - 2 scrolls of fog {unknown}
 I - a scroll of noise {unknown}
 K - 2 scrolls of poison {unknown}
 M - 2 scrolls of butterflies {unknown}
 O - a scroll of enchant weapon {unknown}
 Q - 2 scrolls of identify
 U - 2 scrolls of revelation {unknown}
 Y - 2 scrolls of fear {unknown}
 Z - a scroll of amnesia {unknown}
Potions
 b - a potion of magic
 e - 3 potions of haste
 f - 2 potions of enlightenment {unknown}
 k - 4 potions of cancellation {unknown}
 q - 4 potions of lignification {unknown}
 v - 2 potions of might
 x - 3 potions of brilliance
 B - 2 potions of curing {unknown}
 C - a potion of attraction
 F - 2 potions of mutation {unknown}
 L - 2 potions of degeneration {unknown}
 P - a potion of ambrosia {unknown}
 S - a potion of berserk rage


   Skills:
 - Level 7.3 Fighting
 + Level 4.9 Short Blades
 - Level 3.3 Throwing
 + Level 2.5 Armour
 - Level 4.0 Dodging
 - Level 9.4 Stealth
 - Level 8.0 Spellcasting
 - Level 2.1 Conjurations
 - Level 9.0 Earth Magic
 - Level 5.2 Alchemy
 - Level 3.4 Evocations


You had 15 spell levels left.
You knew the following spells:

 Your Spells              Type           Power      Damage    Failure   Level
a - Sandblast             Erth           96%        2d20      1%          1
b - Passwall              Erth           48%        N/A       1%          3
c - Stone Arrow           Conj/Erth      66%        3d11      1%          3
d - Petrify               Alch/Erth      40%        N/A       4%          4

Your spell library contained the following spells:

 Spells                   Type           Power      Damage    Failure   Level
 Frozen Ramparts          Ice            16%        1d3       6%          3
 Foxfire                  Conj/Fire      52%        2x1d6     1%          1
 Brom's Barrelling Bould  Conj/Erth      33%        2d5       2%          4
 Dazzling Flash           Conj/Hex       26%        N/A       4%          3
 Inner Flame              Hex/Fire       8%         N/A       6%          3
 Sticky Flame             Fire/Alch      20%        2d6       7%          4
 Slow                     Hex            32%        N/A       8%          1
 Ensorcelled Hibernation  Hex/Ice        16%        N/A       11%         2
 Irradiate                Conj/Alch      12%        3d15      12%         5
 Flame Wave               Conj/Fire      13%        2d6       13%         4
 Confusing Touch          Hex            8%         N/A       22%         3
 Swiftness                Air            8%         N/A       22%         3
 Vampiric Draining        Necr           8%         2d6       22%         3
 Starburst                Conj/Fire      6%         6d4       85%         6
 Plasma Beam              Fire/Air       4%         2x1d14    93%         6
 Fulsome Fusillade        Conj/Alch      12%        (3-5)d6   100%        8


Dungeon Overview and Level Annotations

Branches:
Dungeon (11/15)            Temple (1/1) D:6
   Lair: D:8-11         Orc: D:9-12

Altars:
Ashenzari
Cheibriados
Dithmenos
Fedhas
Gozag
Hepliaklqana
Kikubaaqudgha
Makhleb
Nemelex Xobeh
Okawaru
Qazlal
Ru
Sif Muna
Trog
Uskayaw
Vehumet
Wu Jian
Xom
Yredelemnul

Shops:
D:7 [   D:10 *

Annotations:
D:11 Gastronok


Innate Abilities, Weirdness & Mutations

Your natural rate of healing is accelerated.
You have razor-sharp teeth.
You have supernaturally acute eyesight. (SInv)
You are afflicted with vampirism and can become a bat while bloodless.


Message History

Casting: Petrify (dangerous; 4% risk of failure)
Confirm with . or Enter, or press ? or * to list all spells.
Aiming: Petrify (dangerous; 4% risk of failure)
Press: ? - help, Shift-Dir - straight line, p - cyclops
Okay, then.
Casting: Petrify (dangerous; 4% risk of failure)
Confirm with . or Enter, or press ? or * to list all spells.
Aiming: Stone Arrow (safe; 1% risk of failure)
Press: ? - help, Shift-Dir - straight line, f - crimson imp, p - cyclops
Aim: a crimson imp (summoned, 60% to hit)
The stone arrow hits the crimson imp!
The crimson imp is heavily wounded.
The sun demon hits you!
You are engulfed in flames!
* * * LOW HITPOINT WARNING * * *
The crimson imp misses you.
You're wearing all the rings you can.
Remove which one? (? for menu, Esc to cancel) < or
d - a ring of magical power; > or
n - a +5 ring of evasion You remove your ring of magical power.
You feel your magic capacity decrease. The sun demon barely misses you.
m - a ring of protection from fire (left hand)
The kobold demonologist gestures wildly while chanting.
The crimson imp closely misses you.
Aiming: Sandblast (safe; 1% risk of failure)
Press: ? - help, Q - select action, (/) - cycle Shift-Dir - straight line, f/p - crimson imp
Aim: a crimson imp (moderately wounded, summoned, 77% to hit)
The blast of sand hits the crimson imp!!
You kill the crimson imp!
The crimson imp disappears in a puff of smoke!
The cyclops stops moving altogether!
The kobold demonologist stops moving altogether!
The sun demon hits you!
* * * LOW HITPOINT WARNING * * *
You are engulfed in flames!
You resist.
* * * LOW HITPOINT WARNING * * *
The sun demon barely misses you. The sun demon hits you.
* * * LOW HITPOINT WARNING * * *
You are engulfed in flames!
You resist.
You die...

..# #.# ..# #.#
..# ..# #.# ..##
..# #.# ... ..#
#.# ..# ..# #.#
..# ..# #.# ..#
..#
#.#########..#
..#
#.........@..#
..#
#.........3C.#
..#
#..########5K....
..# #..# .......
..# #..# ..4....
..#####..#
..#####
.........# ..#
.........# ..#
..#####..# #..#


You could see a sun demon (summoned), an orange demon (summoned), a cyclops
(petrified), a kobold demonologist (petrified) and a white imp (summoned).

Vanquished Creatures
  A storm dragon (D:11)
  A fire giant (D:11)
  A deep troll earth mage (D:11)
  2 skeletal warriors (D:11)
  Pikel (D:8)
  A manticore (D:11)
  Maggie (D:7)
  2 komodo dragons
  An efreet (D:11)
  A hornet (D:8)
  A troll (D:6)
  Sigmund (D:2)
  2 wyverns (D:11)
  5 yaks (D:10)
  2 steam dragons
  An acid dragon (D:8)
  Duvessa (D:7)
  A water moccasin (D:6)
  Pargi (D:3)
  An orc warrior (D:7)
  A black bear (D:4)
  2 ice beasts
  3 ogres
  7 centaurs
  3 kobold brigands
  2 bullfrogs (D:6)
  5 scorpions
  10 wights
  Dowan (D:7)
  7 killer bees (D:9)
  7 howler monkeys
  5 hounds
  3 jellies
  4 bombardier beetles
  11 orc priests
  8 iguanas
  A gnoll bouda (D:8)
  A sleepcap (D:7)
  Terence (D:2)
  8 orc wizards
  12 gnolls
  7 adders
  2 white imps
  6 dart slugs
  2 ribbon worms
  42 orcs
  5 bats
  11 endoplasms
  6 giant cockroaches
  6 goblins
  8 hobgoblins
  3 jackals (D:1)
  3 quokkas
  8 ball pythons
  3 frilled lizards
  19 kobolds
  4 rats
265 creatures vanquished.

Notes
Turn   | Place    | Note
-------+----------+-------------------------------------------
     0 | D:1      | petete the Vampire Earth Elementalist began the quest for
                  | the Orb.
     0 | D:1      | Reached XP level 1. HP: 13/13 MP: 3/3
   210 | D:1      | Found a faded altar of an unknown god.
   244 | D:1      | Reached XP level 2. HP: 19/19 MP: 3/5
   846 | D:1      | Gained mutation: You are afflicted with vampirism and can
                  | become a bat while bloodless. [Vampire growth]
   846 | D:1      | Reached XP level 3. HP: 18/24 MP: 0/7
  1194 | D:1      | Learned a level 3 spell: Passwall
  1198 | D:1      | Learned a level 3 spell: Stone Arrow
  1204 | D:2      | Noticed Sigmund
  1324 | D:2      | Noticed Terence
  1783 | D:2      | Reached skill level 1 in Conjurations
  1850 | D:3      | Reached XP level 4. HP: 30/30 MP: 8/8
  1934 | D:3      | Noticed Pargi
  2512 | D:3      | Found a sacrificial altar of Ru.
  2630 | D:3      | Reached XP level 5. HP: 35/35 MP: 6/10
  2646 | D:3      | Learned a level 4 spell: Petrify
  3312 | D:4      | Reached skill level 5 in Earth Magic
  3346 | D:4      | Noticed an ogre
  3351 | D:4      | Killed an ogre
  3352 | D:4      | Reached skill level 1 in Alchemy
  3352 | D:4      | Reached XP level 6. HP: 41/41 MP: 8/12
  3382 | D:4      | Found a hazy altar of Hepliaklqana.
  3528 | D:4      | Reached skill level 5 in Spellcasting
  3541 | D:4      | Reached XP level 7. HP: 23/46 MP: 12/14
  3907 | D:5      | Entered Level 5 of the Dungeon
  3960 | D:5      | Reached skill level 1 in Fighting
  4013 | D:5      | Reached skill level 1 in Short Blades
  4249 | D:5      | Reached XP level 8. HP: 56/56 MP: 15/15
  4252 | D:5      | Found an ornate altar of the Wu Jian Council.
  4252 | D:5      | Found a broken altar of Ashenzari.
  4306 | D:5      | Reached skill level 1 in Throwing
  5323 | D:6      | Reached skill level 5 in Stealth
  5386 | D:6      | Noticed a troll
  5396 | D:6      | Killed a troll
  5531 | D:6      | Reached XP level 9. HP: 65/65 MP: 14/17
  5686 | D:6      | Found a staircase to the Ecumenical Temple.
  5692 | Temple   | Entered the Ecumenical Temple
  5707 | Temple   | Became a worshipper of Vehumet
  6086 | D:2      | Killed Sigmund
  6174 | D:2      | Killed Terence
  6261 | D:3      | Killed Pargi
  6428 | D:7      | Noticed a komodo dragon
  6504 | D:7      | Found Ryibbig's Armour Shoppe.
  6618 | D:7      | Noticed Dowan
  6672 | D:7      | Noticed Duvessa
  6692 | D:7      | Killed Duvessa
  6692 | D:7      | Reached * piety under Vehumet
  6692 | D:7      | Offered knowledge of Freeze by Vehumet.
  6700 | D:7      | Killed Dowan
  6754 | D:7      | Killed a komodo dragon
  6974 | D:7      | Found a shimmering altar of Xom.
  6975 | D:7      | Noticed an angel
  6978 | D:7      | Noticed Maggie
  6987 | D:7      | Killed Maggie
  7011 | D:7      | Found an iron altar of Okawaru.
  7076 | D:7      | Found a sparkling altar of Nemelex Xobeh.
  7557 | D:8      | Reached skill level 5 in Fighting
  7557 | D:8      | Reached XP level 10. HP: 73/74 MP: 13/20
  7701 | D:8      | Noticed Pikel
  7710 | D:8      | Killed Pikel
  7711 | D:8      | Reached skill level 5 in Alchemy
  8309 | D:9      | Reached ** piety under Vehumet
  8309 | D:9      | Offered knowledge of Magic Dart by Vehumet.
  8350 | D:9      | Upgraded the game from 0.32-a0-995-gb4a59205af to
                  | 0.32-a0-996-gb3226c233f
  9017 | D:10     | Entered Level 10 of the Dungeon
  9036 | D:10     | Found an opulent altar of Gozag.
  9160 | D:10     | Found Xanoteu's Mail-Order Catalogue.
  9192 | D:10     | Offered knowledge of Mercury Vapours by Vehumet.
  9275 | D:10     | Reached *** piety under Vehumet
  9951 | D:11     | Noticed a skeletal warrior
  9951 | D:11     | Noticed a skeletal warrior
  9951 | D:11     | Noticed a skeletal warrior
 10008 | D:11     | Noticed a manticore
 10013 | D:11     | Noticed Gastronok
 10167 | D:11     | Killed a skeletal warrior
 10168 | D:11     | Reached skill level 1 in Armour
 10168 | D:11     | Reached XP level 11. HP: 78/81 MP: 15/23
 10243 | D:11     | Killed a skeletal warrior
 10244 | D:11     | Reached skill level 1 in Evocations
 10360 | D:11     | Noticed a sixfirhy
 10764 | D:11     | Noticed a storm dragon
 10796 | D:11     | Killed a storm dragon
 10844 | D:11     | Noticed a fire giant
 10856 | D:11     | Killed a fire giant
 10856 | D:11     | Offered knowledge of Frozen Ramparts by Vehumet.
 10892 | D:11     | Noticed a deep troll earth mage
 10905 | D:11     | Killed a deep troll earth mage
 10923 | D:11     | HP: 2/84 [efreet/fireball (23)]
 11113 | D:11     | Noticed a sun demon
 11118 | D:11     | Slain by a sun demon

Illustrated notes

Levels and vault maps discovered:
D:1:      sevenhm_arrival_forest_fort_small_3, layout_loops_corners,
          hellmonk_ecumenical_altar_crossroads
D:2:      layout_rooms, serial_rivers, chequers_serial_rivers_micro_c,
          chequers_serial_rivers_room_b, chequers_serial_rivers_marsh,
          chequers_serial_rivers_small_a, uniq_sigmund, uniq_terence
D:3:      layout_loops_corners, mainiacjoe_overflow_brackets,
          grunt_ministairs_5, uniq_pargi
D:4:      layout_basic, mainiacjoe_overflow_catwalk
D:5:      layout_basic, nicolae_overflow_squiral, kennysheep_generic_room_7
D:6:      layout_gridville, minmay_temple_entry_enclosed_plants
D:7:      layout_cave_pools, overflow_temple_1_default,
          mainiacjoe_overflow_chevrons, grunt_temple_overflow_order_and_chaos_1,
          serial_shops, shop, kennysheep_decorative_pillar, minmay_lizard_king,
          uniq_maggie, uniq_duvessa
D:8:      layout_cave_pools, uniq_pikel
D:9:      layout_roguey, minmay_misc_feat_encased
D:10:     layout_cave_pods, grunt_gozag_breadcrumbs, monkooky_shop_mail_order
D:11:     minmay_glassy_protrusions, layout_long_grid, david_lair_generic,
          uniq_gastronok, uniq_josephine
Temple:   nicolae_temple_bog_church

Skill      XL: |  1  2  3  4  5  6  7  8  9 10 11 |
---------------+----------------------------------+-----
Spellcasting   | 3 4 5 7 8 |  8.0
Conjurations   | 1 2 |  2.1
Earth Magic    | 4 5 6 7 8 9 |  9.0
Alchemy        | 1 3 4 5 |  5.2
Fighting       | 2 3 5 6 7 |  7.3
Short Blades   | 1 2 3 4 |  4.9
Throwing       | 1 2 3 |  3.3
Stealth        | 5 7 9 |  9.4
Dodging        | 3 4 |  4.0
Armour         | 1 2 |  2.5
Evocations     | 3 |  3.4

Action                     |  1- 3 |  4- 6 |  7- 9 | 10-12 || total
---------------------------+-------+-------+-------+-------++-------
  Melee: Dagger            |    13 |    46 |   123 |   167 ||   349
         Bite              |       |     7 |    17 |    39 ||    63
  Throw: Boomerang         |       |     2 |       |       ||     2
         Dart              |       |       |     7 |       ||     7
   Cast: Sandblast         |    54 |    56 |   117 |    52 ||   279
         Petrify           |       |       |    24 |    55 ||    79
         Stone Arrow       |       |       |       |    19 ||    19
    Use: Scroll            |       |       |       |     6 ||     6
   Stab: Sleeping          |     1 |       |     2 |     1 ||     4
         Petrified         |       |       |    32 |    55 ||    87
         Petrifying        |       |       |     9 |    21 ||    30
 Armour: Robe              |    10 |    16 |    59 |       ||    85
         Steam dragon scal |       |       |     8 |    92 ||   100
  Dodge: Dodged            |    10 |    40 |   136 |   170 ||   356

Table legend: (Time is in decaauts)
 A = Elapsed time spent in this place.
 B = Non-inter-level travel time spent in this place.
 C = Inter-level travel time spent in this place.
 D = Time resting spent in this place.
 E = Time spent auto-exploring this place.
 F = Levels seen in this place.
 G = Mean time per level.
                   A        B        C        D        E       F      G
               +--------+--------+--------+--------+--------+-----+--------+
         Total |  11228 |  10295 |    933 |    320 |   7692 |  12 |  935.7 |
       Dungeon |  11197 |  10293 |    904 |    320 |   7692 |  11 | 1017.9 |
        Temple |     30 |      2 |     28 |      0 |      0 |   1 |   30.0 |
               +--------+--------+--------+--------+--------+-----+--------+

Top non-repeatable levels by time:
     D:3: 1457 daAuts
     D:1: 1286 daAuts
     D:5: 1229 daAuts
    D:10: 1173 daAuts
     D:7: 1052 daAuts
     D:6: 980 daAuts
    D:11: 931 daAuts
     D:4: 820 daAuts
     D:8: 797 daAuts
     D:2: 754 daAuts
     D:9: 715 daAuts
  Temple: 30 daAuts
